Map: [TLMC15] Hardwire

Players

TIME (Oliveira)

  • Race: Terran Terran

Maru - Winner!

  • Race: Terran Terran

Event: DreamHack SC2 Masters Last Chance 2022

VOD

Have the link to the VOD?

Description

Time

  • Played on: Jan. 16, 2022, 10:21 a.m.
  • Length: 20:16

All games in this series

Show
View Real Time Build Order
Export as new Build Order

TIME Terran 

Build Orders:  

Get SALT Encoding   

  12  0:00  SCV  
  13  0:12  SCV  
  14  0:17  Supply Depot  
  14  0:24  SCV  
  15  0:39  SCV  
  15  0:40  Barracks  
  16  0:44  Refinery  
  16  0:51  SCV  
  16  0:55  Refinery  
  17  1:03  SCV  
  18  1:15  SCV  
  19  1:27  Barracks Reactor  
  19  1:28  Orbital Command  
  19  1:30  Supply Depot  
  19  1:42  Factory  
  19  1:54  SCV  
  20  2:04  Reaper x2  
  20  2:06  SCV  
  23  2:19  SCV  
  24  2:24  Command Center  
  24  2:29  Hellion  
  26  2:31  SCV  
  26  2:36  Reaper x2  
  28  2:45  SCV  
  28  2:49  Supply Depot  
  29  2:54  Hellion  
  31  3:03  Starport  
  31  3:10  SCV, Reaper  
  31  3:12  Reaper  
  34  3:17  Hellion  
  36  3:24  SCV  
  37  3:36  SCV  
  37  3:39  Factory Tech Lab  
  37  3:40  Starport Tech Lab  
  38  3:44  Refinery, Marine x2  
  38  3:47  Orbital Command  
  40  3:50  SCV  
  41  3:59  Cyclone  
  41  4:02  SCV  
  45  4:03  Marine  
  45  4:04  Marine  
  47  4:13  Raven  
  46  4:20  SCV  
  46  4:21  SCV, Marine  
  46  4:22  Marine  
  41  4:31  Siege Tank  
  41  4:32  SCV  
  41  4:33  SCV  
  46  4:39  Supply Depot, Marine  
  46  4:40  Marine  
  48  4:46  SCV  
  48  4:47  SCV  
  50  4:56  Raven  
  50  4:57  Marine x2  
  54  5:00  SCV x2  
  55  5:07  Siege Tank  
  55  5:11  Command Center  
  55  5:13  SCV  
  59  5:15  Marine  
  59  5:17  SCV  
  61  5:23  Supply Depot  
  61  5:26  SCV  
  62  5:45  SCV, Siege Tank  
  62  5:47  SCV, Barracks  
  62  5:48  Stimpack, Marine  
  65  5:54  Viking  
  65  6:00  SCV  
  65  6:01  SCV  
  66  6:05  Marine  
  66  6:09  Barracks  
  67  6:11  Viking  
  67  6:12  SCV  
  67  6:18  SCV  
  70  6:22  Siege Tank  
  70  6:24  Marine, Orbital Command  
  74  6:26  SCV  
  74  6:31  SCV  
  76  6:38  Barracks Reactor  
  76  6:39  SCV  
  77  6:44  Viking, Engineering Bay  
  77  6:45  Engineering Bay  
  77  6:46  SCV  
  80  6:48  Refinery  
  80  6:49  Viking  
  80  6:50  Orbital Command  
  80  6:52  SCV  
  80  6:53  Marine  
  84  6:58  Barracks Reactor, SCV  
  85  7:11  Supply Depot  
  85  7:17  SCV x3, Siege Tank  
  85  7:20  Terran Infantry Weapons Level 1  
  85  7:21  Barracks x2  
  91  7:24  Supply Depot  
  91  7:29  SCV  
  92  7:33  Terran Infantry Armor Level 1  
  92  7:35  SCV x2  
  94  7:40  Supply Depot  
  94  7:41  SCV, Viking  
  97  7:44  Viking  
  97  7:47  SCV  
  97  7:48  SCV  
  97  7:51  Command Center  
  101  7:56  SCV  
  101  7:58  Siege Tank  
  105  7:59  SCV  
  105  8:00  SCV  
  105  8:04  Refinery  
  107  8:05  Refinery  
  107  8:08  SCV  
  107  8:09  Barracks Reactor x2  
  107  8:11  SCV  
  109  8:14  Viking  
  109  8:15  SCV  
  112  8:20  Supply Depot, SCV  
  112  8:23  SCV  
  114  8:27  SCV  
  114  8:32  SCV, Armory  
  116  8:35  SCV  
  116  8:38  Supply Depot  
  116  8:41  SCV, Siege Tank, Marine x2  
  117  8:42  Supply Depot  
  117  8:43  Viking  
  125  8:49  Sensor Tower  
  125  8:52  Missile Turret  
  125  8:56  Supply Depot  
  125  8:58  Combat Shield  
  125  8:59  SCV x3, Viking, Marine x3  
  133  9:11  SCV, Refinery  
  133  9:14  SCV x2  
  133  9:16  Refinery  
  136  9:17  Siege Tank  
  136  9:18  Viking  
  136  9:19  Terran Infantry Weapons Level 2, Supply Depot  
  136  9:24  SCV, Marine x3  
  142  9:27  SCV  
  142  9:28  SCV  
  142  9:29  Terran Infantry Armor Level 2  
  148  9:31  SCV  
  148  9:36  SCV, Terran Vehicle Weapons Level 1  
  149  9:39  SCV  
  149  9:40  Missile Turret, SCV  
  152  9:48  Marine x4  
  152  9:49  Viking x2  
  152  9:50  Planetary Fortress  
  152  9:53  SCV x2  
  152  9:55  Marine  
  152  9:56  Marine  
  152  9:58  SCV, Sensor Tower  
  157  10:03  Missile Turret, Siege Tank  
  157  10:05  Missile Turret, SCV, Marine  
  157  10:06  Supply Depot  
  162  10:09  Missile Turret, Marine  
  163  10:14  SCV x2  
  163  10:19  Starport  
  165  10:21  Starport  
  165  10:24  Missile Turret  
  165  10:25  Viking  
  165  10:26  Viking  
  165  10:27  Missile Turret  
  169  10:28  Barracks Reactor  
  169  10:35  Command Center  
  169  10:40  Supply Depot  
  169  10:41  Supply Depot  
  169  10:42  Siege Tank  
  172  10:47  Factory  
  172  10:54  Marine  
  173  10:58  Corvid Reactor  
  173  10:59  Raven, Starport Tech Lab  
  173  11:01  Medivac x2, Marine  
  173  11:03  Supply Depot x2  
  180  11:08  Armory  
  180  11:16  Siege Tank  
  183  11:21  Command Center  
  183  11:23  Raven  
  185  11:33  Command Center  
  185  11:36  Viking x2, Factory Tech Lab, Command Center  
  189  11:44  Missile Turret  
  189  11:45  Missile Turret  
  189  11:46  Terran Infantry Weapons Level 3  
  189  11:53  Terran Infantry Armor Level 3  
  189  11:54  Siege Tank  
  192  12:03  Siege Tank  
  192  12:06  Terran Vehicle Weapons Level 2  
  195  12:08  Refinery  
  195  12:09  Refinery  
  195  12:18  Missile Turret  
  195  12:20  Raven  
  195  12:21  Sensor Tower  
  197  12:26  Planetary Fortress  
  197  12:28  Missile Turret  
  197  12:35  Command Center  
  197  12:37  Sensor Tower  
  197  12:39  Raven  
  199  12:50  Orbital Command x2  
  199  12:51  Command Center  
  199  12:58  Missile Turret  
  199  13:02  Sensor Tower, Terran Vehicle And Ship Armor Level 1  
  199  13:10  Raven  
  200  13:20  Planetary Fortress  
  200  13:32  Starport  
  200  13:33  Starport  
  200  13:45  Raven  
  200  14:23  Viking  
  200  14:24  Viking  
  200  14:25  Starport Tech Lab  
  200  14:26  Starport Reactor  
  200  14:28  Fusion Core  
  200  14:43  Sensor Tower  
  200  14:51  Command Center  
  200  14:53  Missile Turret x2  
  200  15:05  Raven x2  
  191  15:20  Raven, Viking x2  
  179  15:24  Viking x2  
  179  15:25  Siege Tank  
  179  15:26  Weapon Refit, Terran Vehicle And Ship Armor Level 2  
  179  15:27  Terran Ship Weapons Level 1  
  184  15:29  Missile Turret  
  184  15:30  Missile Turret  
  177  15:51  Viking x2  
  177  15:52  Battlecruiser x2  
  177  15:55  Command Center  
  193  16:03  Battlecruiser  
  186  16:13  Viking x2  
  186  16:17  Orbital Command  
  187  16:23  Missile Turret, Planetary Fortress  
  187  16:25  Missile Turret  
  185  16:26  Missile Turret, Viking x2  
  185  16:27  Missile Turret  
  185  16:33  Siege Tank x2, Marine x2  
  185  16:34  Marine  
  194  16:45  Viking x2  
  198  16:53  Hi-Sec Auto Tracking, Neosteel Armor  
  184  17:04  Raven x2  
  184  17:05  Viking x2  
  181  17:11  Siege Tank x2  
  181  17:13  Marine  
  183  17:25  Viking x2  
  183  17:26  Terran Ship Weapons Level 2  
  184  17:38  SCV x4  
  184  17:39  SCV  
  184  17:40  Refinery x2  
  188  17:50  Battlecruiser x2  
  200  17:55  Refinery  
  200  17:58  Refinery  
  200  18:04  Sensor Tower  
  200  18:06  Missile Turret  
  200  18:07  Missile Turret  
  200  18:22  Command Center  
  200  18:24  Missile Turret  
  200  18:25  Missile Turret  
  177  18:37  Raven, Viking x2  
  177  18:38  Orbital Command  
  177  18:40  SCV x2  
  170  18:45  Viking x2  
  170  18:46  SCV, Siege Tank x2  
  170  18:47  SCV  
  182  18:50  Refinery x2  
  182  18:54  Raven, Marine  
  185  18:56  SCV x2  
  187  19:04  Missile Turret  
  187  19:05  Missile Turret, Sensor Tower  
  187  19:09  Command Center  
  187  19:10  Viking  
  187  19:13  Viking  
  191  19:21  Raven x2  
  195  19:25  Marine x4  
  181  19:55  Marine  
  181  19:56  Marine x2  
Show
View Real Time Build Order
Export as new Build Order

Maru Terran - Winner!

Build Orders:  

Get SALT Encoding   

  12  0:00  SCV  
  13  0:12  SCV  
  14  0:17  Supply Depot  
  14  0:24  SCV  
  15  0:38  SCV  
  15  0:39  Barracks  
  16  0:44  Refinery  
  16  0:50  SCV  
  17  1:00  Barracks  
  17  1:03  SCV  
  18  1:12  Refinery  
  18  1:15  SCV  
  19  1:27  Orbital Command  
  19  1:31  Reaper  
  20  1:39  Supply Depot  
  20  1:48  Reaper  
  22  1:54  SCV  
  22  2:04  Reaper  
  22  2:06  SCV  
  24  2:10  Factory  
  24  2:19  Supply Depot  
  24  2:20  SCV  
  24  2:22  Reaper  
  26  2:32  SCV  
  26  2:34  Bunker  
  26  2:44  SCV  
  28  2:54  Hellion  
  30  2:59  Command Center  
  30  3:02  Barracks Reactor  
  30  3:03  SCV  
  30  3:12  Starport  
  30  3:16  SCV, Factory Tech Lab  
  31  3:28  SCV  
  32  3:35  Siege Tank  
  32  3:38  Supply Depot, Marine x2  
  32  3:40  SCV  
  38  3:48  Starport Tech Lab  
  38  3:52  SCV  
  39  3:59  Marine x2  
  41  4:04  SCV, Marine  
  41  4:08  Raven  
  44  4:17  SCV  
  44  4:18  Marine x2  
  44  4:22  Orbital Command  
  46  4:29  SCV  
  50  4:31  Cyclone  
  50  4:35  Refinery  
  49  4:39  Marine x2  
  49  4:41  SCV  
  52  4:47  Supply Depot  
  52  4:48  SCV  
  53  4:53  SCV  
  54  5:02  SCV  
  54  5:05  Raven  
  54  5:06  SCV  
  58  5:11  Marine x2  
  60  5:14  SCV  
  60  5:20  Command Center  
  61  5:23  Siege Tank  
  65  5:35  SCV x2  
  65  5:38  Supply Depot  
  65  5:39  Marine x2  
  68  5:47  SCV  
  68  5:48  SCV  
  69  6:00  SCV, Siege Tank  
  69  6:02  SCV  
  69  6:03  Supply Depot  
  75  6:08  Refinery  
  73  6:12  SCV  
  73  6:14  SCV  
  73  6:16  Viking  
  77  6:19  Barracks  
  77  6:20  Barracks  
  77  6:24  SCV, Viking  
  80  6:27  Supply Depot, SCV  
  84  6:32  Siege Tank  
  84  6:36  SCV  
  84  6:38  Marine  
  85  6:42  Stimpack  
  85  6:43  Orbital Command  
  85  6:45  SCV  
  86  6:48  SCV  
  87  6:54  Viking  
  87  6:57  SCV  
  87  7:00  SCV, Viking  
  96  7:08  Siege Tank  
  96  7:09  SCV  
  96  7:11  Orbital Command  
  96  7:12  Barracks Reactor x2  
  96  7:14  SCV  
  98  7:20  Engineering Bay x2  
  98  7:21  SCV  
  99  7:23  Supply Depot  
  99  7:26  SCV  
  99  7:28  Viking  
  102  7:30  Viking  
  102  7:33  SCV  
  105  7:38  SCV x2  
  107  7:45  SCV  
  107  7:46  Terran Infantry Weapons Level 1, Terran Infantry Armor Level 1  
  107  7:47  Siege Tank  
  107  7:48  Supply Depot  
  107  7:50  Refinery  
  111  7:51  SCV x2, Refinery  
  111  7:55  Sensor Tower  
  113  7:59  SCV  
  113  8:02  Viking  
  113  8:03  SCV  
  113  8:04  Supply Depot  
  113  8:05  Supply Depot  
  117  8:09  SCV, Viking  
  120  8:13  SCV  
  120  8:15  SCV  
  121  8:21  SCV  
  121  8:23  Siege Tank, Combat Shield  
  121  8:25  Command Center  
  125  8:29  SCV  
  125  8:30  SCV  
  125  8:31  Marine x4  
  125  8:32  Marine  
  125  8:33  SCV  
  133  8:37  Medivac  
  133  8:39  Medivac  
  133  8:40  Supply Depot x2  
  133  8:41  SCV  
  138  8:42  Supply Depot  
  138  8:48  Barracks  
  138  8:50  Barracks  
  138  8:52  Missile Turret  
  138  8:53  Missile Turret  
  138  8:55  Armory  
  138  8:56  Siege Tank  
  141  9:06  SCV  
  141  9:07  SCV x2, Sensor Tower  
  144  9:11  Factory  
  144  9:14  Marine x5  
  149  9:18  Viking x2  
  149  9:19  SCV  
  149  9:20  SCV x2  
  156  9:27  Supply Depot  
  156  9:36  Barracks Reactor  
  156  9:37  Barracks Reactor  
  156  9:41  Supply Depot, Marine x4  
  156  9:43  SCV x2  
  161  9:52  Terran Infantry Weapons Level 2, Terran Infantry Armor Level 2  
  155  9:54  Terran Vehicle Weapons Level 1  
  155  10:01  SCV  
  155  10:02  SCV x2, Refinery, Command Center  
  155  10:03  Refinery, Marine, Siege Tank  
  155  10:06  Barracks Reactor  
  162  10:13  SCV  
  162  10:14  SCV x2  
  164  10:19  Starport  
  164  10:21  Starport  
  164  10:22  Viking x2  
  164  10:26  Planetary Fortress  
  168  10:35  Missile Turret  
  168  10:36  Missile Turret, Armory  
  168  10:38  Siege Tank  
  168  10:39  Marine x8  
  179  10:46  Siege Tank  
  182  10:56  Command Center, Viking x2  
  186  10:57  Starport Tech Lab x2, Marine  
  187  11:04  Starport  
  187  11:05  Starport  
  187  11:13  Missile Turret  
  187  11:15  Missile Turret  
  187  11:22  Sensor Tower  
  187  11:24  Corvid Reactor  
  187  11:25  Terran Vehicle And Ship Armor Level 1  
  187  11:28  Refinery, Raven  
  187  11:30  Refinery  
  188  11:35  Command Center x2  
  188  11:45  Raven, Viking x2  
  193  11:52  Planetary Fortress  
  193  12:06  Sensor Tower  
  193  12:08  Starport Tech Lab, Starport Reactor  
  193  12:12  Terran Vehicle Weapons Level 2  
  193  12:13  Terran Infantry Weapons Level 3  
  193  12:17  Command Center  
  183  12:24  Raven, Viking  
  183  12:27  Command Center  
  183  12:28  Orbital Command  
  187  12:34  Sensor Tower  
  187  12:37  Terran Infantry Armor Level 3  
  187  12:45  Command Center  
  187  12:48  Viking  
  187  12:51  Orbital Command  
  189  12:58  Sensor Tower  
  189  12:59  Sensor Tower  
  189  13:02  Missile Turret  
  189  13:10  Viking x4  
  196  13:16  Planetary Fortress  
  196  13:20  Terran Ship Weapons Level 1, Raven, Viking  
  200  13:29  Command Center  
  200  13:37  Orbital Command  
  200  13:39  Viking  
  199  13:43  Missile Turret  
  199  13:45  Viking  
  199  13:46  Orbital Command  
  197  13:50  Siege Tank  
  200  14:05  Orbital Command  
  200  14:07  Planetary Fortress  
  200  14:08  Sensor Tower  
  194  14:21  Missile Turret  
  194  14:23  Missile Turret  
  192  14:24  Viking x2  
  192  14:25  Missile Turret  
  189  14:41  Terran Vehicle And Ship Armor Level 2, Fusion Core  
  189  14:44  Sensor Tower  
  189  14:45  Viking x4  
  191  14:46  Viking  
  191  14:50  Neosteel Armor  
  199  14:54  Planetary Fortress  
  199  15:14  Hi-Sec Auto Tracking  
  194  15:15  Siege Tank x2  
  194  15:17  Viking  
  164  15:21  Viking  
  164  15:22  Raven x3, Viking x2  
  164  15:23  Marine x7  
  164  15:26  Terran Ship Weapons Level 2  
  177  15:29  Marine x3  
  175  15:45  Marine  
  175  15:46  Marine x6  
  175  15:47  Siege Tank x2, Marine  
  186  15:52  Marine x2  
  186  15:53  Refinery  
  188  16:05  Raven x3  
  188  16:08  Marine x6  
  200  16:17  Refinery  
  200  16:18  Refinery, Sensor Tower  
  200  16:38  Command Center  
  200  16:41  Command Center  
  200  17:00  Viking x3  
  194  17:04  Viking x2  
  198  17:10  Starport  
  198  17:11  Starport, Viking  
  198  17:12  Starport  
  199  17:28  Missile Turret  
  199  17:29  Missile Turret  
  199  17:30  Missile Turret x2  
  199  17:31  Missile Turret x2  
  199  17:32  Missile Turret  
  196  17:42  Viking  
  196  17:43  Viking  
  200  17:49  Starport Tech Lab x2, Starport Reactor  
  200  17:53  Missile Turret  
  200  17:54  Missile Turret x2  
  200  17:55  Missile Turret x2  
  198  18:11  Command Center  
  198  18:32  Viking x3  
  167  18:35  Viking x2  
  167  18:39  Viking x3  
  167  18:40  Viking x3, Marine  
  167  18:41  Marine x9  
  177  18:58  Marine x5  
  177  18:59  Marine x5  
  177  19:02  Viking x3  
  191  19:05  Medivac, Viking  
  191  19:08  Command Center  
  191  19:09  Medivac  
  199  19:16  Command Center, Marine  
  200  19:45  Viking x2  

Tags
 
Add a new tag
Caveats
  • Supply blocks, unpowered buildings, or Contaminate may cause inaccurate times.
  • Supply counts are checked every 10 seconds.